[Event "ESP-ch Teams Primera 2022"]
[Site "Sanxenxo Pontevedra"]
[Date "2022.09.19"]
[Round "3.15"]
[White "Suarez Uriel, Adrian"]
[Black "Laiz Ibanez, Hector"]
[Result "1-0"]
[ECO "C50"]
[WhiteElo "2375"]
[BlackElo "2327"]
[Annotator "TA"]
[PlyCount "67"]
[EventDate "2022.09.17"]
[EventType "team-tourn"]
[EventCountry "ESP"]
[SourceTitle "playchess.com"]
[Source "ChessBase"]
[SourceQuality "1"]
[TimeControl "5400+30"]

1. e4 e5 2. Nf3 Nc6 3. Bc4 Bc5 4. d3 d6 5. c3 a5 {CPLX 2.3 43 (Ng8-f6) (=43)} 6. O-O {MISS-d3-d4 44 (d3-d4) (=44). C50: Hungarian Defence and Giuoco Pianissimo.} Nf6 {CPLX 2.4} 7. h3 {BESTDEEP} h6 {CPLX 2.6 0 (0-0) (=14)} 8. Re1 {BESTDEEP. The position is equal.} O-O {CPLX 2.9 0 (Bc5-b6) (=11)} 9. Nbd2 {BESTDEEP} a4 {BESTDEEP} 10. Nf1 {CPLX 3.1 4 (Bc4-b5) (=10)} Ne7 {[#] CPLX 3.2 0 (Bc8-d7) (=7)} 11. Bd2 $146 {CPLX 3.1 15 (d3-d4) (=11)} ({Predecessor:} 11. Bb5 Bd7 12. Bxd7 Qxd7 13. Ng3 Qb5 14. d4 Bb6 15. Qc2 exd4 16. cxd4 Nc6 17. Be3 {½-½ (32) Kurmann,O (2459)-Studer,N (2462) Bad Ragaz 2017}) 11... Bb6 {CPLX 3.1 0 (Ne7-g6) (=6)} 12. d4 {CPLX 3.1 0 (Nf1-g3) (=9)} exd4 {BESTDEEP} 13. cxd4 {RECAPT} d5 {CPLX 2.7} 14. exd5 {CPLX 2.8} Nexd5 {CPLX 2.5 0 (Nf6xd5) (=4)} 15. Qc2 {BESTDEEP} a3 {CPLX 3.1 12 (Rf8-e8) (=5)} 16. b4 {CPLX 3.3} Qd6 {CPLX 3.1 13 (Bc8-e6) (=6)} 17. Rab1 {BESTDEEP} Nf4 {CPLX 3.3 46 (Bc8-e6) (=9)} (17... Be6 $11 {might be stronger.}) 18. Ne5 {CPLX 4.2 49 (Nf1-g3) (=9)} (18. Ng3 $14) 18... Ne6 $11 {[%cal Bf4e6,Be6c7,Bc7b5][%mdl 32] BESTDEEP} 19. Bc3 {CPLX 3.4} c6 {RELBLUND 70 (Ne6-f4) (=12)} (19... Nf4 $11) 20. Ng3 $16 {[%cal Bf1g3,Bg3e4,Be4c5][%mdl 32] And now Nf5 would win. White is more active. CPLX 3.0} Nd5 {[%cal Bf6d5,Bd5b4,Bb4c2][%mdl 32] CPLX 3.1 0 (Ne6-f4) (=12)} 21. Rbd1 {CPLX 3.6 17 (Ng3-f5) (=8)} (21. Nf5 $5 Qc7 22. Rbc1 $14) 21... Nec7 {BESTDEEP} 22. Bb3 {CPLX 3.6 36 (Qc2-d3) (=10)} Nb5 {BESTDEEP} 23. Ba1 {BESTDEEP} Be6 {CPLX 3.7} (23... Qxb4 $2 24. Bxd5 cxd5 25. Rb1 $16) 24. Ne4 {BESTDEEP} Qd8 {RELBLUND 62 (Qd6-e7) (=12)} (24... Nxb4 $2 25. Qb1 Qe7 26. Bxe6 fxe6 27. Ng6 $18) ({Better is} 24... Qe7 $11) 25. Nc5 $14 {EASY} Nxb4 {CPLX 3.7 40 (Qd8-c8) (=14)} 26. Nxe6 {EASY} Nxc2 {EASY} 27. Nxd8 {Chess con chili. EASY} Raxd8 {[#] Black cannot hold the game after this. MISSDEEP-Nc2xa1 217 (Nc2xa1) (=22)} (27... Nxe1 $2 28. Ndxf7 Kh7 29. d5 $18 (29. Rxe1 Bxd4 30. Bc4 Bb2 $16)) ({Black should try} 27... Nxa1 $14 28. Bxf7+ Rxf7 29. Nexf7 (29. Ndxf7 Nc2 $11) 29... Bxd8 30. Nxd8 Nc2 31. Re8+ (31. Nxb7 Nxe1 32. Rxe1 Nc3 $15) 31... Kh7) 28. Bxc2 $18 {EASY} Nxd4 {CPLX 2.8} 29. Bxd4 {RECAPT} Bxd4 {RECAPT} 30. Nf3 {CPLX 2.6 36 (Bc2-b3) (=8)} Bc3 {CPLX 2.4 100 (Bd4-c5) (=23)} (30... Bc5 $142 31. Rb1 Rd7) 31. Rxd8 {BESTDEEP. White has a decisive advantage.} Rxd8 {RECAPT} 32. Re7 {CPLX 2.2} b5 {CPLX 2.1} 33. Rc7 {CPLX 2.1} b4 {CPLX 2.2 4 (Kg8-f8) (=21)} 34. Rxc6 {Weighted Error Value: White=0.10 (very precise) /Black=0.23 (precise)} 1-0

[Event "ESP-ch Teams Primera 2022"]
[Site "Sanxenxo Pontevedra"]
[Date "2022.09.19"]
[Round "3.16"]
[White "Abal Cores, Lucas"]
[Black "Quispe Arteaga, Gabriel"]
[Result "1/2-1/2"]
[ECO "B56"]
[WhiteElo "2291"]
[BlackElo "2373"]
[Annotator "TA"]
[PlyCount "64"]
[EventDate "2022.09.17"]
[EventType "team-tourn"]
[EventCountry "ESP"]
[SourceTitle "playchess.com"]
[Source "ChessBase"]
[SourceQuality "1"]
[TimeControl "5400+30"]

1. e4 c5 2. Nf3 d6 3. d4 cxd4 4. Nxd4 Nf6 5. Nc3 e5 6. Nb3 a6 7. h3 {CPLX 2.1 28 (Bf1-e2) (=28)} Be6 {CPLX 2.1 27 (Bf8-e7) (=27). B90: Sicilian Najdorf: Unusual White 6th moves, 6 Be3 Ng4 and 6 Be3 e5.} 8. Be3 {CPLX 2.2} Be7 {CPLX 2.4 0 (Nb8-c6) (=14)} 9. g4 {CPLX 2.4 2 (f2-f4) (=10)} d5 {CPLX 2.5. The position is equal.} 10. g5 {CPLX 2.7 44 (e4xd5) (=19)} d4 {DEEPSTRONG} 11. gxf6 {EASY} Bxf6 {[#] RECAPT} 12. Bd2 $146 {CPLX 3.2 59 (Nb3-c5) (=22)} (12. Nc5 $11 {keeps the balance.}) ({Predecessor:} 12. Nc5 dxe3 13. Qxd8+ Bxd8 14. fxe3 Bh4+ 15. Kd2 b6 16. Nxe6 fxe6 17. Bc4 Ke7 18. a4 {½-½ (26) Carstensen,J (2358)-Lindgren,P (2374) Vaxjo 2015}) 12... dxc3 $17 {EASY} 13. Bxc3 {RECAPT} Qe7 {CPLX 2.6 0 (Qd8-b6) (=4)} 14. Qf3 {CPLX 2.3} Nc6 {CPLX 2.3 0 (0-0) (=3)} 15. Qe3 {CPLX 2.3 27 (Bc3-d2) (=18)} O-O {CPLX 2.3 2 (Bf6-g5) (=3)} 16. Qc5 {CPLX 2.3 9 (Rh1-g1) (=17)} Qc7 {BESTDEEP} 17. O-O-O {CPLX 2.8 76 (Qc5-e3) (=22)} (17. Qe3 $17) 17... b6 {CPLX 2.9 66 (Bf6-e7) (=9)} 18. Qe3 {BESTDEEP} a5 {[%cal Ba6a5,Ba5a4,Ba4a3][%mdl 32] Threatens to win with ...a4. CPLX 2.5 23 (b6-b5) (=10)} 19. Kb1 {CPLX 2.6 22 (a2-a4) (=21)} Rfc8 {[#] Strongly threatening ...a4. CPLX 2.7 35 (a5-a4) (=12)} 20. Bd3 $2 {CPLX 2.6 157 (a2-a3) (=30)} (20. a3 $17) 20... a4 $19 {BESTDEEP} 21. Nc1 {CPLX 2.7} b5 {CPLX 2.5 0 (Qc7-b7) (=10)} 22. a3 {BESTDEEP} b4 {CPLX 2.5 65 (Ra8-b8) (=14)} (22... Nd4 23. Na2 $11) 23. axb4 {CPLX 3.1} a3 {BESTDEEP} 24. b3 {BESTDEEP} Nd4 {CPLX 3.3 44 (a3-a2) (=15)} 25. Na2 {CPLX 5.0} Qe7 {RELBLUND 82 (Bf6-e7) (=18)} (25... Be7 $15) 26. Bxd4 $11 {CPLX 4.6=>BLUNDERREACT} exd4 {RECAPT} 27. Qd2 {BESTDEEP} Rc3 {[#] RELBLUND 137 (g7-g6) (=23)} 28. f4 $1 $18 {aiming for e5. BESTDEEP} (28. Nxc3 dxc3 29. Qe3 a2+ 30. Ka1 Qxb4 $17) 28... Rac8 {CPLX 4.6 58 (Rc3-c8) (=25)} (28... Rcc8 $16 {is a better defense.}) 29. Rc1 {CPLX 4.9 80 (e4-e5) (=22)} (29. Nxc3 $6 dxc3 30. Qe3 Qxb4 $14) (29. e5 $18 Bh4 30. Nxc3 dxc3 31. Qc1) 29... Bh4 {CPLX 4.9 11 (g7-g6) (=24)} 30. Rhg1 {Ba6 is the strong threat. BESTDEEP} ({Inferior is} 30. Nxc3 dxc3 31. Qe3 a2+ 32. Ka1 Qxb4 $17) 30... f5 {CPLX 5.3 150 (Rc3-c7) (=29)} (30... R3c7 $16 {might work better.}) 31. b5 $2 {Chess con chili. RELBLUND 322 (e4xf5) (=33)} ({Better is} 31. exf5 $18 Rxd3 32. cxd3 (32. Qxd3 Bd7 $18) 32... Bxf5 33. Rxc8+ Bxc8 34. b5) 31... Qf7 {[%mdl 8192] RELBLUND 371 (f5xe4) (=43)} (31... fxe4 $15 32. Bxe4 Re3) 32. Ka1 $2 {MISS-Na2xc3 265 (Na2xc3) (=42)} ({White should play} 32. Nxc3 $18 dxc3 33. Qe3) 32... Be7 $2 {[%mdl 32768] Weighted Error Value: White=0.48/Black=0.58. An unexpected result.} (32... fxe4 $14 33. Bxe4 Re3) 1/2-1/2

[Event "ESP-ch Teams Primera 2022"]
[Site "Sanxenxo Pontevedra"]
[Date "2022.09.19"]
[Round "3.17"]
[White "Ruiz Buendia, Miguel"]
[Black "Rodriguez Ferreiros, Andres"]
[Result "0-1"]
[ECO "C18"]
[WhiteElo "2293"]
[BlackElo "2110"]
[Annotator "TA"]
[PlyCount "44"]
[EventDate "2022.09.17"]
[EventType "team-tourn"]
[EventCountry "ESP"]
[SourceTitle "playchess.com"]
[Source "ChessBase"]
[SourceQuality "1"]
[TimeControl "5400+30"]

1. e4 e6 2. d4 d5 3. Nc3 Bb4 4. e5 c5 5. a3 Bxc3+ 6. bxc3 Ne7 7. Qg4 Qc7 8. Bd3 Nbc6 {[%cal Bb8c6,Bc6d4,Bd4e2][%mdl 32] 8...c4 gains popularity.} 9. Qxg7 {C18: French: 3 Nc3 Bb4: Main line: 7 h4 and 7 Qg4.} Rg8 10. Qxh7 (10. Qf6 $5 ) 10... c4 $2 (10... cxd4 $11 11. Ne2 Nxe5) 11. Nf3 $2 (11. Be2 $18) 11... cxd3 $17 12. Ng5 $2 {[%mdl 8192] [#]} (12. O-O $17 {is tougher.}) 12... Nxd4 $146 {Black is clearly winning.} ({Not} 12... Nxe5 $2 13. O-O Qxc3 14. dxe5 Qxa1 15. Qxf7+ Kd8 16. cxd3 $19) ({Predecessor:} 12... Nxe5 13. O-O f6 14. Qh5+ N5g6 15. Nh7 Rh8 16. Nxf6+ Kd8 17. Nh7 Nf8 18. Qh6 Rxh7 19. Qxf8+ {0-1 (41) Hrabal,M (1797)-Hodovsky,J (2127) Czech Republic 2019}) 13. Qxf7+ (13. Qxd3 $142 Qxe5+ 14. Kf1) 13... Kd8 14. O-O Ne2+ 15. Kh1 Nxc1 16. Nh7 d2 {[#] Strongly threatening ...Qc4.} 17. Nf6 Qc4 18. Rd1 Qe2 19. Raxc1 dxc1=Q 20. Rxc1 Qxf2 21. Rg1 Rh8 {[%cal Oh8h2] ( -> ...Rxh2+!)} 22. h3 Qg3 {Weighted Error Value: White=1.75/Black=0.10 (very precise)} 0-1

[Event "ESP-ch Teams Primera 2022"]
[Site "Sanxenxo Pontevedra"]
[Date "2022.09.19"]
[Round "3.18"]
[White "Dorado Meijide, Andrea"]
[Black "Pablos Tenrero, Raquel"]
[Result "0-1"]
[ECO "A20"]
[WhiteElo "1801"]
[BlackElo "1985"]
[Annotator "TA"]
[PlyCount "92"]
[EventDate "2022.09.17"]
[EventType "team-tourn"]
[EventCountry "ESP"]
[SourceTitle "playchess.com"]
[Source "ChessBase"]
[SourceQuality "1"]
[TimeControl "5400+30"]

1. c4 e5 2. e3 Nf6 3. Nc3 Bb4 4. Nge2 O-O 5. a3 Be7 6. d4 exd4 7. Qxd4 {[%emt 0:02:05] A22: English Opening: 1...e5 2 Nc3 Nf6.} a5 8. Nf4 c6 {[%emt 0:02:53] [#]} 9. Be2 $146 {[%emt 0:16:48][%cal Bf1e2,Be2d1,Bd1c2][%mdl 32] The position is equal.} ({Predecessor:} 9. Qd1 Na6 10. Bd3 Nc5 11. Bc2 Ne6 12. O-O b6 13. Nxe6 dxe6 14. Qe2 e5 15. Rd1 {½-½ (43) Krakovsky,P (2166)-Csiba,T (2234) ICCF email 2020}) 9... Na6 10. O-O Nc5 11. Bd1 {[%emt 0:01:19] Inhibits Nb3.} a4 12. Bc2 d6 13. Qd1 Qa5 $1 14. e4 Qa6 15. Qe2 Ng4 16. Rd1 (16. Nd1 $1 $15) 16... Ne5 $17 17. Rd4 Qb6 (17... g5 $142 $1 18. Nh3 f6) 18. Rd1 Qa6 ({Stronger than} 18... Bg4 19. f3 Be6 20. Nxe6 fxe6 21. Rb1 $15) 19. Rd4 $1 {[%emt 0:01:00] [#]} Re8 (19... g5 $1 $17 20. Nh3 f6) 20. h3 $15 g6 21. Rb1 Bf8 22. Be3 Ne6 23. Nxe6 Bxe6 24. Nxa4 Nxc4 25. Bc1 (25. Nc3 $15) 25... Bg7 26. Rd1 b5 {[%emt 0:00:13] Black is more active.} 27. Nc3 d5 28. exd5 cxd5 (28... Bf5 $17 29. Be3 Nxe3 30. fxe3 Bxc2 31. Qxc2 Rxe3) 29. Qf3 $11 Ne5 30. Qg3 {[%emt 0:00:23] [#]} (30. Qf4 $1 $11) 30... d4 $1 $17 31. Rxd4 {[%emt 0:00:51] [#]} Nf3+ {[%emt 0:00:17][%mdl 64] Discovered Attack} 32. Qxf3 Bxd4 33. Be4 Ra7 $36 {[%emt 0:01:53][%mdl 2048] Inhibits Bb7. Black is in control.} 34. Bg5 Bc4 (34... Rc7 $17) 35. Rd1 Qb6 36. Rxd4 Qxd4 37. Be3 {[%emt 0:00:04] This bishop pair is nice.} Qd7 {[%emt 0:01:10] Threatens to win with ...Ra6.} 38. Qf6 {[%emt 0:01:06] Inhibits Ra6. White does not recover from this.} (38. Bc6 $1 $15 Rxe3 39. Qxe3) 38... Re6 39. Qf4 {[%emt 0:00:19] Hoping for Qb8+.} Rc7 40. h4 Rc8 41. Qg3 Qd6 {[%emt 0:01:49] And now ...Qxg3 would win.} 42. Qf3 (42. Bf4 {is a better defense.} Qe7 43. Bf5) 42... Rce8 43. Nd5 (43. h5 $142) 43... Bxd5 44. Bxd5 Rf6 45. Qd1 Rd8 46. Bg5 $2 (46. Qd4) 46... Rf5 {[%emt 0:00:08] Weighted Error Value: White=0.47/Black=0.19 (very precise)} 0-1

[Event "ESP-ch Teams Primera 2022"]
[Site "Sanxenxo Pontevedra"]
[Date "2022.09.19"]
[Round "3.19"]
[White "Vallejo Pons, Francisco"]
[Black "Espinosa Aranda, Angel"]
[Result "1-0"]
[ECO "B40"]
[WhiteElo "2711"]
[BlackElo "2428"]
[Annotator "TA"]
[PlyCount "69"]
[EventDate "2022.09.17"]
[EventType "team-tourn"]
[EventCountry "ESP"]
[SourceTitle "playchess.com"]
[Source "ChessBase"]
[SourceQuality "1"]
[TimeControl "5400+30"]

1. e4 c5 2. Nf3 e6 3. d4 cxd4 4. Nxd4 Nf6 5. Nc3 Nc6 {CPLX 2.2} 6. Qd3 {CPLX 2.4 12 (Bf1-e2) (=12). B45: Sicilian Four Knights.} d5 {CPLX 2.3 7 (Bf8-b4) (=4)} 7. exd5 {CPLX 2.6} Nb4 {BESTDEEP} 8. Qg3 {Hoping for Bb5+. BESTDEEP. The position is equal.} Nbxd5 {CPLX 3.0 15 (Bf8-c5) (=6)} 9. Nxd5 {RECAPT} Nxd5 {[#] RECAPT} 10. c3 $146 {CPLX 2.5 22 (Bf1-c4) (=7)} ({Predecessor:} 10. Bb5+ Bd7 11. Bxd7+ Qxd7 12. O-O Bd6 13. Qxg7 O-O-O 14. Qg4 h5 15. Qe2 h4 16. Nb5 {0-1 (23) Wagner,D (2572)-Safin,R (2259) Chess.com INT 2021}) 10... Qd6 {BESTDEEP} 11. Bc4 {CPLX 2.5 0 (Bf1-d3) (=6)} Bd7 {CPLX 2.5} 12. Bd2 {CPLX 2.6 0 (Nd4-b5) (=5)} Qxg3 {CPLX 2.6 13 (h7-h6) (=4)} 13. hxg3 {RECAPT} Nf6 {CPLX 2.0 0 (Nd5-b6) (=4)} 14. f3 {BESTDEEP} Rc8 {CPLX 2.0} 15. Bd3 {CPLX 2.3 9 (Bc4-b3) (=4)} Bd6 {CPLX 2.0 0 (h7-h5) (=3)} 16. g4 {BESTDEEP} Bg3+ {CPLX 2.2 27 (h7-h5) (=5)} 17. Kf1 {CPLX 2.3} Be5 {CPLX 2.4 34 (h7-h5) (=7)} 18. Re1 {CPLX 2.3} Bxd4 {CPLX 2.6 3 (Be5-c7) (=7)} 19. cxd4 {RECAPT} Nd5 {CPLX 2.3} 20. Rh5 {Rxd5 is the strong threat. CPLX 2.4 0 (Kf1-f2) (=3)} (20. Rxh7 Rxh7 21. Bxh7 g6 $17) 20... Kf8 {CPLX 2.5} 21. Kf2 {CPLX 2.5} (21. Bxh7 $2 Nf6 22. Bb1 (22. Bb4+ $2 Ke8 $17) 22... Nxh5 23. gxh5 Rxh5 $19) (21. Rxh7 Rxh7 22. Bxh7 g6 23. Bh6+ Ke8 $17) 21... a6 {CPLX 2.5 30 (f7-f6) (=8)} 22. g5 {[%cal Bg4g5,Bg5h6][%mdl 32] White has more active pieces. CPLX 2.5 25 (b2-b3) (=4)} ({And not} 22. Bxh7 Nf6 23. Bb4+ Ke8 $15) ({Much worse is} 22. Rxh7 Rxh7 23. Bxh7 g6 24. Bh6+ Ke7 $15) 22... Bb5 {[#] CPLX 2.4 12 (f7-f5) (=8)} 23. Bb1 {BESTDEEP} ({Wrong is} 23. Rxh7 $2 Rxh7 24. Bxh7 g6 25. Bxg6 fxg6 $19) 23... g6 {CPLX 2.4 25 (Kf8-e7) (=9)} 24. Rh4 {CPLX 2.6 3 (Rh5-h6) (=4)} Kg7 {CPLX 2.3} 25. Be4 {CPLX 2.7 48 (Rh4-h6) (=6)} (25. Rh6 $16) 25... Bc6 {CPLX 2.8 58 (Rc8-c4) (=11)} (25... Rc4 $14) 26. Reh1 {CPLX 2.7 7 (Rh4-h6) (=6)} h5 {BESTDEEP} 27. gxh6+ {EASY} Kh7 {EASY} 28. Re1 {CPLX 3.4 18 (g2-g4) (=6)} Ne7 {CPLX 3.0 16 (Rc8-d8) (=10)} 29. Bg5 {[%cal Bd2g5,Bg5f6,Bf6e5][%mdl 32] CPLX 3.0 17 (g2-g4) (=7)} Nf5 {[#] CPLX 3.3 79 (Ne7-d5) (=13)} (29... Nd5 $16 {was called for.}) 30. Rf4 $1 $18 {DEEPSTRONG} Rhf8 {BESTDEEP} 31. Bf6 {CPLX 3.1 5 (g2-g4) (=6)} Rc7 {CPLX 3.1 63 (Bc6xe4) (=14)} (31... Bxe4 $16 {might work better.} 32. fxe4 g5) 32. Rc1 {CPLX 3.1 0 (g2-g4) (=6)} Rfc8 {CPLX 3.2} 33. Be5 {A strong pair of Bishops. CPLX 3.3} Rd7 {Against d5. MISSDEEP-Bc6xe4 217 (Bc6xe4) (=21)} (33... Bxe4 34. Rxc7 Rxc7 35. Bxc7 Bd5) 34. g4 {[%cal Bg2g4,Bg4f5][%mdl 32] BESTDEEP} g5 {BEVAL 400 (f7-f6) (=33)} (34... f6 $142 35. gxf5 fxe5) 35. gxf5 {Weighted Error Value: White=0.06 (flawless) /Black=0.23 (precise)} 1-0

[Event "ESP-ch Teams Primera 2022"]
[Site "Sanxenxo Pontevedra"]
[Date "2022.09.19"]
[Round "3.20"]
[White "Rubio Mejia, Luis Ignacio"]
[Black "Narayanan.S.L"]
[Result "0-1"]
[ECO "A20"]
[WhiteElo "2399"]
[BlackElo "2657"]
[Annotator "TA"]
[PlyCount "92"]
[EventDate "2022.09.17"]
[EventType "team-tourn"]
[EventCountry "ESP"]
[SourceTitle "playchess.com"]
[Source "ChessBase"]
[SourceQuality "1"]
[TimeControl "5400+30"]

1. c4 e5 2. e3 Nf6 3. Nc3 Bb4 4. Nge2 O-O 5. a3 Be7 6. d4 exd4 {BESTDEEP} 7. Qxd4 {RECAPT 3 (e3xd4) (=3). A22: English Opening: 1...e5 2 Nc3 Nf6.} a5 $5 {[%mdl 4] Leaves trodden paths.} 8. Nf4 {CPLX 2.3 25 (Ne2-g3) (=14)} c6 {[#] CPLX 2.5 37 (Nb8-a6) (=12)} 9. Be2 $146 {[%cal Bf1e2,Be2d1,Bd1c2][%mdl 32] CPLX 2.6 12 (Qd4-d1) (=13). The position is equal.} ({Predecessor:} 9. Qd1 Na6 10. Bd3 Nc5 11. Bc2 Ne6 12. O-O b6 13. Nxe6 dxe6 14. Qe2 e5 15. Rd1 {½-½ (43) Krakovsky,P (2166)-Csiba,T (2234) ICCF email 2020}) 9... Na6 {CPLX 2.6 0 (Rf8-e8) (=9)} 10. O-O {CPLX 2.6 21 (b2-b3) (=15)} Nc5 {CPLX 2.6} 11. Bd1 {Prevents Nb3. BESTDEEP} a4 {BESTDEEP} 12. Bc2 {CPLX 2.8} d6 {[%cal Oc8f5] CPLX 3.1} 13. Qd1 {[%cal Rc3a4] CPLX 3.2 17 (Bc1-d2) (=11)} Qa5 $1 {DEEPSTRONG} 14. e4 {CPLX 2.9 26 (Bc1-d2) (=13)} Qa6 {CPLX 2.8 13 (Nf6-g4) (=6)} 15. Qe2 {CPLX 2.6 2 (Bc1-e3) (=12)} Ng4 {BESTDEEP} 16. Rd1 {CPLX 3.2 65 (Nc3-d1) (=17)} (16. Nd1 $15) 16... Ne5 $17 {CPLX 3.2} 17. Rd4 {CPLX 2.7 15 (Bc1-e3) (=17)} Qb6 {CPLX 2.7 40 (g7-g5) (=8)} 18. Rd1 {CPLX 2.7 31 (h2-h3) (=18)} Qa6 {CPLX 2.7 122 (g7-g5) (=16)} ({Inferior is} 18... Bg4 19. f3 Be6 20. Nxe6 fxe6 21. Rb1 $15) 19. Rd4 $1 {[#] DEEPSTRONG=>BLUNDERREACT} Re8 {CPLX 2.7 69 (g7-g5) (=20)} (19... g5 $1 $17 20. Nh3 f6) 20. h3 $15 {CPLX 2.7} g6 {CPLX 2.7 28 (Nc5-e6) (=21)} 21. Rb1 {CPLX 2.7 7 (Bc1-e3) (=15)} Bf8 {BESTDEEP} 22. Be3 {CPLX 2.7} Ne6 {BESTDEEP} 23. Nxe6 {CPLX 3.1} Bxe6 {RECAPT} 24. Nxa4 {CPLX 2.6 55 (Bc2-d3) (=16)} (24. Bd3 $15) 24... Nxc4 $17 {DEEPSTRONG} ({Reject} 24... Bxc4 $6 25. Qe1 $15) 25. Bc1 {CPLX 3.1 40 (Na4-c3) (=17)} Bg7 {EASY} 26. Rd1 {CPLX 3.3} b5 {Black is more active. CPLX 3.0} 27. Nc3 {EASY} d5 {CPLX 2.7 43 (Qa6-a5) (=16)} 28. exd5 {CPLX 3.0} cxd5 {And now ...d4 would win. CPLX 3.2 38 (Be6-f5) (=17)} 29. Qf3 {BESTDEEP} Ne5 {CPLX 3.1} 30. Qg3 {[#] CPLX 3.0 17 (Qf3-f4) (=14)} d4 $1 {Against Be3. DEEPSTRONG} 31. Rxd4 {[#] BESTDEEP} Nf3+ {[%mdl 64] Discovered Attack. EASY} 32. Qxf3 {EASY} Bxd4 {EASY} 33. Be4 {BESTDEEP} Ra7 $36 {[%mdl 2048] Keeping White busy. CPLX 3.7} 34. Bg5 {BESTDEEP} Bc4 {CPLX 3.6 47 (Ra7-c7) (=15)} ({Black should play} 34... Rc7 $17) 35. Rd1 {CPLX 3.9 8 (b2-b3) (=12)} Qb6 {CPLX 4.3} 36. Rxd4 $1 {DEEPSTRONG} Qxd4 {RECAPT} 37. Be3 {This bishop pair is nice. EASY} Qd7 {aiming for ...Ra6. EASY} 38. Qf6 {Against Ra6. Now White is beyond hope. RELBLUND 221 (Be4-c6) (=18)} ({White must play} 38. Bc6 $1 $15 Rxe3 39. Qxe3) 38... Re6 $19 {CPLX 5.7} 39. Qf4 {Qb8+ is the strong threat. CPLX 5.9 17 (Qf6-f3) (=18)} Rc7 {[%cal Ba7c7,Bc7c8,Bc8e8][%mdl 32] CPLX 5.2 38 (Qd7-c7) (=14)} 40. h4 {CPLX 4.4 19 (Qf4-g3) (=18)} Rc8 {CPLX 4.4} 41. Qg3 {CPLX 4.4 34 (g2-g4) (=18)} Qd6 {Strongly threatening ...Qxg3. CPLX 4.5 15 (Qd7-e7) (=14)} 42. Qf3 {CPLX 4.6 137 (Be3-f4) (=21)} (42. Bf4 $142 Qe7 43. Bf5) 42... Rce8 {CPLX 5.0 30 (b5-b4) (=14)} 43. Nd5 {CPLX 5.1 226 (Be4-d5) (=27)} (43. Bd5 $142 Rf6 44. Qd1) 43... Bxd5 {MISS-f7-f5 218 (f7-f5) (=19)} 44. Bxd5 {RECAPT} Rf6 {CPLX 4.1} 45. Qd1 {EASY} Rd8 {CPLX 4.1 32 (Re8-e4) (=19)} 46. Bg5 $2 {CPLX 4.4 400 (Qd1-d4) (=35)} (46. Qd4) 46... Rf5 {Weighted Error Value: White=0.48/Black=0.20 (precise)} 0-1